cohdb
Replays
Latest Replays
All Replays
Popular Replays
Top Player Replays
Match Explorer
How It Works
Community
CoH3 Stats
Reddit
Sign in to upload your games and track your stats! →
Sign in with Steam
Match 41341389
Unlisted
Match 41341389
Overview
Messages
Build Orders
End
Construct Infanterie Kompanie
Selects Breakthrough Battlegroup
Selects Assault Grenadiers
Grenadier Squad
Grenadier Squad
Grenadier Squad
Grenadier Squad
Infanterie Officer Quarters
Selects Breakthrough
Breakthrough
Construct Luftwaffe Kompanie
Flak 30 Anti-aircraft Gun Team
Construct Panzergrenadier Kompanie
Selects Mechanized Assault Group
Mechanized Assault Group
Breakthrough
Construct Panzergrenadier Kompanie
Dunkerque
NEP_wilson_NEP
KusseKarl
Zulu
0
0
Comments
sign in to comment!
No comments posted yet!